 Dungeon Crawl Stone Soup version 0.21.1-1-g345015f (webtiles) character file.

163 prawnwizard the Digger (level 5, -1/28 HPs)
             Began as a Gargoyle Earth Elementalist on June 27, 2018.
             Killed from afar by Sigmund (5 damage)
             ... with a magic dart
             ... on level 3 of the Dungeon.
             The game lasted 00:17:36 (3285 turns).

prawnwizard the Digger (GrEE)                       Turns: 3285, Time: 00:17:37

Health: -1/28      AC:  9    Str: 11    XL:     5   Next: 44%
Magic:  10/10      EV:  9    Int: 17    God:
Gold:   167        SH:  5    Dex: 10    Spells: 0/11 levels left

rFire    . . .     SeeInvis .   a - +2 dagger (flame)
rCold    . . .     Gourm    .   g - +2 buckler
rNeg     + . .     Faith    .   j - +0 ring mail
rPois    ∞         Spirit   .   (no helmet)
rElec    +         Reflect  .   (no cloak)
rCorr    .         Harm     .   (no gloves)
MR       .....                  (no boots)
Stlth    +.........             (no amulet)
HPRegen  0.09/turn              u - +2 ring of slaying
MPRegen  0.12/turn              q - ring of wizardry

@: no status effects
A: negative energy resistance 1, electricity resistance, unbreathing,
petrification resistance, rot immunity, AC +4
a: no special abilities


You were on level 3 of the Dungeon.
You were very hungry.

You visited 1 branch of the dungeon, and saw 3 of its levels.

You collected 167 gold pieces.

Inventory:

Hand Weapons
 a - a +2 dagger of flaming (weapon)
 h - a cursed -3 hunting sling
Missiles
 b - 52 stones (quivered)
Armour
 g - a +2 buckler (worn)
 j - a +0 ring mail (worn)
Jewellery
 q - a ring of wizardry (right hand)
 u - a +2 ring of slaying (left hand)
Scrolls
 f - a scroll of immolation {unknown}
 i - 3 scrolls of identify
 p - 4 scrolls of remove curse
Potions
 l - a potion of lignification
 o - 4 potions of haste {unknown}
 s - a potion of might {unknown}
 t - a potion of agility {unknown}
Books
 e - a book of Geomancy

   Spells                             Type                      Level
   a - Sandblast                      Earth                        1
   b - Passwall                       Transmutation/Earth          2
   c - Stone Arrow                    Conjuration/Earth            3
   d - Petrify                        Transmutation/Earth          4
   e - Lee's Rapid Deconstruction     Earth                        5
Comestibles
 d - 8 rations


   Skills:
 - Level 1.8 Dodging
 - Level 2.3 Stealth
 * Level 3.9 Spellcasting
 + Level 0.7 Transmutations
 * Level 5.2 Earth Magic


You couldn't memorise any spells.
You knew the following spells:

 Your Spells              Type           Power        Failure   Level  Hunger
a - Sandblast             Erth           ###...       3%          1    None
b - Stone Arrow           Conj/Erth      ##....       26%         3    ###....
c - Passwall              Tmut/Erth      ##........   12%         2    ##.....
d - Lee's Rapid Deconstr  Erth           ###.......   58%         5    ######.


Dungeon Overview and Level Annotations

Branches:
Dungeon (3/15)

Altars:

Annotations:
D:3 Sigmund


Innate Abilities, Weirdness & Mutations

You are resistant to torment.
Your stone body is resilient. (AC +4)
You are immune to poison.
You resist negative energy. (rN+)
You are resistant to electric shocks. (rElec)
You can survive without breathing.
You are immune to petrification.
You are immune to rotting.


Message History

You closely miss the orc. The orc hits you but does no damage.
Something completely misses you.
You hit the orc but do no damage. The orc hits you but does no damage.
Something hits you.
You hit the orc. You burn the orc.
You kill the orc!
Something hits you.
Items here: )) [[ † a flail; a ring mail; a scale mail; a dagger; an orc corpse You hit something.
You burn something. You block something's attack.
You hit something. You burn something. You miss something. Something hits you.
You hit something. You burn something. Something hits you!
* * * LOW HITPOINT WARNING * * *
There is a strange disturbance nearby!
There is a strange disturbance nearby!
There is a strange disturbance nearby!
A magic dart appears from out of thin air!
The magic dart hits you!
You die...

#######.......# #.####.#.
..............# #[.....#.
..............##########.
.................# #.
........########.# #.
################ #.# #.
#.........# ###### #.# #.
#.........###....######.# #.
..........)....@........#######.
.......).$###....########.......
.....######.............#.......
o... #.............#....... ..o
#.............#....... ..
#.............#....... .
#.............#.......
#.............#.......
#.....^.......#.......


There were no monsters in sight!

Vanquished Creatures
  7 gnolls
  An adder (D:2)
  An ooze (D:3)
  5 worms (D:2)
  A dart slug (D:2)
  5 leopard geckos
  4 orcs (D:3)
  A ball python (D:2)
  3 giant cockroaches
  8 goblins
  4 hobgoblins
  A quokka (D:3)
  4 bats
  A frilled lizard (D:1)
  5 kobolds
  10 rats
61 creatures vanquished.

Notes
Turn   | Place    | Note
-------+----------+-------------------------------------------
     0 | D:1      | prawnwizard the Gargoyle Earth Elementalist began the quest for the Orb.
     0 | D:1      | Reached XP level 1. HP: 10/10 MP: 3/3
   119 | D:1      | Reached skill level 4 in Earth Magic
   518 | D:1      | Reached XP level 2. HP: 3/15 MP: 3/5
  1215 | D:2      | Reached XP level 3. HP: 19/19 MP: 2/6
  1233 | D:2      | Learned a level 3 spell: Stone Arrow
  1236 | D:2      | Learned a level 2 spell: Passwall
  1673 | D:2      | Reached XP level 4. HP: 20/24 MP: 2/8
  2338 | D:3      | Reached skill level 5 in Earth Magic
  2407 | D:3      | Reached XP level 5. HP: 25/28 MP: 6/10
  2435 | D:3      | HP: 1/28 [gnoll/whip (2)]
  3190 | D:3      | Learned a level 5 spell: Lee's Rapid Deconstruction
  3257 | D:3      | Noticed Sigmund
  3285 | D:3      | Killed from afar by Sigmund

Skill      XL: |  1  2  3  4 |
---------------+-------------+-----
Earth Magic    | 4 5 |  5.2
Spellcasting   | 3 |  3.9
Dodging        | |  1.8
Stealth        | |  2.3
Transmutations | |  0.7

Action                   |  1- 3 |  4- 6 || total
-------------------------+-------+-------++-------
Melee: Dagger            |   100 |    90 ||   190
       Unarmed           |    15 |       ||    15
       Short sword       |       |    10 ||    10
Throw: Stone             |     5 |       ||     5
 Cast: Sandblast         |    34 |    19 ||    53
  Use: Scroll            |       |     7 ||     7
 Stab: Sleeping          |     2 |     1 ||     3
  Eat: Chunk             |     3 |     4 ||     7
Armor: Robe              |     7 |       ||     7
       Leather armour    |    15 |    31 ||    46
       Ring mail         |       |     9 ||     9
Dodge: Dodged            |    56 |    58 ||   114
Block: Buckler           |       |    11 ||    11
